3L
PANAMA CITY PIRANHAS @ THUNDER BAY NORTHERN LIONS BC
05/12/2018
 
TOP OF THE 1ST
Panama City Piranhas batting - Pitching for Thunder Bay Northern Lions BC : LHP Mike Jones
Pitching: LHP Mike Jones
Batting: RHB William Hull 0-0: Called Strike
0-1: Swinging Strike
0-2: Ball
1-2: Ball
2-2: Ball
3-2: Strikes out swinging
Batting: RHB Hal Romaine 0-0: Called Strike
0-1: Called Strike
0-2: Strikes out swinging
Batting: SHB Marc Talamante 0-0: Fly out, F8 (Line Drive, 8LS)
Top of the 1st over - 0 run(s), 0 hit(s), 0 error(s), 0 left on base; Panama City 0 - Thunder Bay 0
BOTTOM OF THE 1ST
Thunder Bay Northern Lions BC batting - Pitching for Panama City Piranhas : LHP Albert Lucas
Pitching: LHP Albert Lucas
Batting: RHB Keith Burnett 0-0: Bunt for hit - play at first, batter OUT! 1-3
Batting: RHB Daniel Cooper 0-0: Fly out, F6 (Line Drive, 6)
Batting: RHB Duncan Thomas 0-0: Ground out 1-3 (Groundball, 13)
Bottom of the 1st over - 0 run(s), 0 hit(s), 0 error(s), 0 left on base; Panama City 0 - Thunder Bay 0
TOP OF THE 2ND
Panama City Piranhas batting - Pitching for Thunder Bay Northern Lions BC : LHP Mike Jones
Batting: LHB Miguel Martínez 0-0: Ball
1-0: Fly out, F3 (Popup, 3)
Batting: RHB Harvey Porter 0-0: Foul Ball, location: 2F
0-1: Fly out, F7 (Flyball, 78XD)
Batting: RHB Mike Ontiveros 0-0: Ball
1-0: Swinging Strike
1-1: Foul Ball, location: 2F
1-2: Ball
2-2: Reached on error, E4 (Groundball, 4M)
Batting: LHB Imre Brincka 0-0: Called Strike
0-1: Ground out 5-3 (Groundball, 56S)
Top of the 2nd over - 0 run(s), 0 hit(s), 1 error(s), 1 left on base; Panama City 0 - Thunder Bay 0
BOTTOM OF THE 2ND
Thunder Bay Northern Lions BC batting - Pitching for Panama City Piranhas : LHP Albert Lucas
Batting: LHB Jimmy Massey 0-0: Ground out 4-3 (Groundball, 4)
Batting: RHB Jacob Holt 0-0: Ball
1-0: Swinging Strike
1-1: Ground out 4-3 (Groundball, 4M)
Batting: SHB Miguel Soto 0-0: Ball
1-0: Fly out, F9 (Flyball, 89M)
Bottom of the 2nd over - 0 run(s), 0 hit(s), 0 error(s), 0 left on base; Panama City 0 - Thunder Bay 0
TOP OF THE 3RD
Panama City Piranhas batting - Pitching for Thunder Bay Northern Lions BC : LHP Mike Jones
Batting: RHB Vern Ewing 0-0: Ball
1-0: Fly out, F8 (Flyball, 78M)
Batting: RHB Albert Lucas 0-0: Ball
1-0: Called Strike
1-1: Swinging Strike
1-2: Strikes out swinging
Batting: RHB William Hull 0-0: Ball
1-0: Ball
2-0: Ball
3-0: Swinging Strike
3-1: Foul Ball, location: 2F
3-2: Foul Ball, location: 2F
3-2: Strikes out swinging
Top of the 3rd over - 0 run(s), 0 hit(s), 0 error(s), 0 left on base; Panama City 0 - Thunder Bay 0
BOTTOM OF THE 3RD
Thunder Bay Northern Lions BC batting - Pitching for Panama City Piranhas : LHP Albert Lucas
Batting: LHB Juan Durán 0-0: Called Strike
0-1: Ball
1-1: Ball
2-1: Fly out, F8 (Flyball, 8RS)
Batting: RHB Ramiro Rico 0-0: Ball
1-0: SINGLE (Line Drive, 7S)
Batting: RHB Mike Jones 0-0: Bunt missed!
0-1: Bunted foul
0-2: Ball
1-2: Ball
2-2: Bunt - Flyout! F1
Batting: RHB Keith Burnett Pickoff Throw to First - Out!
Bottom of the 3rd over - 0 run(s), 1 hit(s), 0 error(s), 0 left on base; Panama City 0 - Thunder Bay 0
TOP OF THE 4TH
Panama City Piranhas batting - Pitching for Thunder Bay Northern Lions BC : LHP Mike Jones
Batting: RHB Hal Romaine 0-0: Ball
1-0: Foul Ball, location: 2F
1-1: Fly out, F8 (Line Drive, 8RS)
Batting: SHB Marc Talamante 0-0: Swinging Strike
0-1: Fly out, F4 (Popup, 34D)
Batting: LHB Miguel Martínez 0-0: Ball
1-0: Foul Ball, location: 2F
1-1: Swinging Strike
1-2: Strikes out swinging
Top of the 4th over - 0 run(s), 0 hit(s), 0 error(s), 0 left on base; Panama City 0 - Thunder Bay 0
BOTTOM OF THE 4TH
Thunder Bay Northern Lions BC batting - Pitching for Panama City Piranhas : LHP Albert Lucas
Batting: RHB Keith Burnett 0-0: Swinging Strike
0-1: Foul Ball, location: 2F
0-2: Foul Ball, location: 2F
0-2: Foul Ball, location: 2F
0-2: Ball
1-2: Ball
2-2: Ground out 4-3 (Groundball, 4M)
Batting: RHB Daniel Cooper 0-0: Called Strike
0-1: Foul Ball, location: 2F
0-2: Ball
1-2: SINGLE (Line Drive, 56D)
Batting: RHB Duncan Thomas 0-0: Swinging Strike
0-1: Ball
1-1: Called Strike
1-2: Fly out, F6 (Popup, 4MD)
Batting: LHB Jimmy Massey 0-0: Ball
1-0: Ball
2-0: Foul Ball, location: 2F
2-1: Foul Ball, location: 2F
2-2: Ball
3-2: Ground out U3 (Groundball, 3S)
Bottom of the 4th over - 0 run(s), 1 hit(s), 0 error(s), 1 left on base; Panama City 0 - Thunder Bay 0
TOP OF THE 5TH
Panama City Piranhas batting - Pitching for Thunder Bay Northern Lions BC : LHP Mike Jones
Batting: RHB Harvey Porter 0-0: Called Strike
0-1: Ball
1-1: Ball
2-1: Foul Ball, location: 2F
2-2: Foul Ball, location: 2F
2-2: Ball
3-2: Strikes out swinging
Batting: RHB Mike Ontiveros 0-0: Ball
1-0: Foul Ball, location: 2F
1-1: Foul Ball, location: 2F
1-2: Ball
2-2: Ball
3-2: Ground out 5-3 (Groundball, 56)
Batting: LHB Imre Brincka 0-0: Ball
1-0: Called Strike
1-1: Foul Ball, location: 2F
1-2: Ball
2-2: Foul Ball, location: 2F
2-2: Foul Ball, location: 2F
2-2: Foul Ball, location: 2F
2-2: Strikes out swinging
Top of the 5th over - 0 run(s), 0 hit(s), 0 error(s), 0 left on base; Panama City 0 - Thunder Bay 0
BOTTOM OF THE 5TH
Thunder Bay Northern Lions BC batting - Pitching for Panama City Piranhas : LHP Albert Lucas
Batting: RHB Jacob Holt 0-0: Called Strike
0-1: Ball
1-1: Ground out 5-3 (Groundball, 56)
Batting: SHB Miguel Soto 0-0: Swinging Strike
0-1: Called Strike
0-2: Strikes out looking
Batting: LHB Juan Durán 0-0: Called Strike
0-1: Called Strike
0-2: Fly out, F7 (Flyball, 7S)
Bottom of the 5th over - 0 run(s), 0 hit(s), 0 error(s), 0 left on base; Panama City 0 - Thunder Bay 0
TOP OF THE 6TH
Panama City Piranhas batting - Pitching for Thunder Bay Northern Lions BC : LHP Mike Jones
Batting: RHB Vern Ewing 0-0: Called Strike
0-1: Called Strike
0-2: Foul Ball, location: 2F
0-2: Strikes out swinging
Batting: RHB Albert Lucas 0-0: Ball
1-0: Ground out 1-3 (Groundball, 15)
Batting: RHB William Hull 0-0: Ball
1-0: Ball
2-0: Swinging Strike
2-1: SINGLE (Line Drive, 78S)
Batting: RHB Hal Romaine 0-0: Called Strike
0-1: Called Strike
0-2: Ball
1-2: Foul Ball, location: 2F
Pickoff Throw to First - Out!
Top of the 6th over - 0 run(s), 1 hit(s), 0 error(s), 0 left on base; Panama City 0 - Thunder Bay 0
BOTTOM OF THE 6TH
Thunder Bay Northern Lions BC batting - Pitching for Panama City Piranhas : LHP Albert Lucas
Batting: RHB Ramiro Rico 0-0: Ball
1-0: Called Strike
1-1: Ball
2-1: Ball
3-1: SOLO HOME RUN (Flyball, 78XD), Distance : 419 ft
Batting: RHB Mike Jones 0-0: Called Strike
0-1: Ball
1-1: Fly out, F7 (Flyball, 78M)
Batting: RHB Keith Burnett 0-0: Ball
1-0: SINGLE (Flyball, 9S)
Batting: RHB Daniel Cooper 0-0: Ball
1-0: Called Strike
1-1: Foul Ball, location: 2F
1-2: Foul Ball, location: 2F
1-2: Foul Ball, location: 2F
1-2: Foul Ball, location: 2F
1-2: Foul Ball, location: 2F
1-2: Ball
2-2: Ball
3-2: Base on Balls
Keith Burnett to second
Batting: RHB Duncan Thomas 0-0: SINGLE (Line Drive, 7S)
Keith Burnett to third
Daniel Cooper to second
Batting: LHB Jimmy Massey 0-0: Ball
1-0: Ball
2-0: Called Strike
2-1: Called Strike
2-2: Strikes out looking
Batting: RHB Jacob Holt 0-0: Called Strike
0-1: SINGLE (Groundball, 34)
Keith Burnett scores
Daniel Cooper to third
Duncan Thomas to second
Runner from 3rd tries for Home, SAFE, no throw or cutoff
Batting: SHB Miguel Soto 0-0: Swinging Strike
0-1: Swinging Strike
0-2: Foul Ball, location: 2F
0-2: Ball
1-2: Strikes out swinging
Bottom of the 6th over - 3 run(s), 4 hit(s), 0 error(s), 2 left on base; Panama City 0 - Thunder Bay 3
TOP OF THE 7TH
Panama City Piranhas batting - Pitching for Thunder Bay Northern Lions BC : LHP Mike Jones
Batting: RHB Hal Romaine 0-0: Ball
1-0: SINGLE (Line Drive, 89S)
Batting: SHB Marc Talamante 0-0: Ball
1-0: Called Strike
1-1: Ball
2-1: Fly out, F8 (Flyball, 8LD)
Batting: LHB Miguel Martínez 0-0: Called Strike
0-1: Swinging Strike
0-2: Strikes out swinging
Batting: RHB Harvey Porter 0-0: Fly out, F9 (Flyball, 9M)
Top of the 7th over - 0 run(s), 1 hit(s), 0 error(s), 1 left on base; Panama City 0 - Thunder Bay 3
BOTTOM OF THE 7TH
Thunder Bay Northern Lions BC batting - Pitching for Panama City Piranhas : LHP Albert Lucas
Batting: LHB Juan Durán 0-0: Called Strike
0-1: Ball
1-1: Fly out, F9 (Flyball, 9M)
Batting: RHB Ramiro Rico 0-0: Swinging Strike
0-1: Swinging Strike
0-2: Ball
1-2: Strikes out swinging
Batting: RHB Mike Jones 0-0: SINGLE (Groundball, 6MD)
Batting: RHB Keith Burnett 0-0: Called Strike
0-1: Ball
1-1: Ball
2-1: Foul Ball, location: 2F
2-2: Ball
3-2: Base on Balls
Mike Jones to second
Batting: RHB Daniel Cooper 0-0: SINGLE (Groundball, 6)
Mike Jones to third
Keith Burnett to second
Runner from 3rd tries for Home, SAFE, no throw or cutoff
Batting: RHB Duncan Thomas 0-0: Foul Ball, location: 2F
0-1: Ball
1-1: Foul Ball, location: 2F
1-2: Ball
2-2: Ball
3-2: Base on Balls
Keith Burnett to third
Daniel Cooper to second
Batting: LHB Jimmy Massey 0-0: Foul Ball, location: 2F
0-1: SINGLE (Line Drive, 89S)
Keith Burnett scores
Daniel Cooper to third
Duncan Thomas to second
Runner from 3rd tries for Home, SAFE, no throw or cutoff
Pitching: RHP José Valenzuela
Batting: RHB Jacob Holt 0-0: Ball
1-0: Foul Ball, location: 2F
1-1: Ground out 4-3 (Groundball, 4)
Bottom of the 7th over - 3 run(s), 3 hit(s), 0 error(s), 2 left on base; Panama City 0 - Thunder Bay 6
TOP OF THE 8TH
Panama City Piranhas batting - Pitching for Thunder Bay Northern Lions BC : LHP Mike Jones
Batting: RHB Mike Ontiveros 0-0: Ball
1-0: Called Strike
1-1: Ground out 6-3 (Groundball, 6)
Batting: LHB Imre Brincka 0-0: Ball
1-0: Called Strike
1-1: Ball
2-1: Ground out U3 (Groundball, 3L)
Batting: RHB Vern Ewing 0-0: SINGLE (Line Drive, 9LS)
Pinch Hitting: SHB Wook-jin Pae 0-0: Called Strike
0-1: Ball
1-1: Ground out 5-3 (Groundball, 56)
Top of the 8th over - 0 run(s), 1 hit(s), 0 error(s), 1 left on base; Panama City 0 - Thunder Bay 6
BOTTOM OF THE 8TH
Thunder Bay Northern Lions BC batting - Pitching for Panama City Piranhas : RHP José Valenzuela
Pitching: LHP Andy Hayden
Batting: SHB Miguel Soto 0-0: SINGLE (Groundball, 6)
Batting: LHB Juan Durán 0-0: Called Strike
0-1: SINGLE (Groundball, 34)
Miguel Soto to second
Runner from 2nd tries for 3rd, SAFE, throw made to third
Juan Durán to second
Batting: RHB Ramiro Rico 0-0: Ground out 4-3 (Groundball, 4)
Miguel Soto scores
Juan Durán to third
Batting: RHB Mike Jones 0-0: SINGLE (Line Drive, 7S)
Juan Durán scores
Batting: RHB Keith Burnett 0-0: Called Strike
0-1: Ball
1-1: Ball
2-1: Ball
3-1: Base on Balls
Mike Jones to second
Batting: RHB Daniel Cooper 0-0: Called Strike
0-1: Foul Ball, location: 2F
0-2: Strikes out swinging
Batting: RHB Duncan Thomas 0-0: Ball
1-0: Called Strike
1-1: Fielders Choice at 2nd, 5-4 (Groundball, 56)
Bottom of the 8th over - 2 run(s), 3 hit(s), 0 error(s), 1 left on base; Panama City 0 - Thunder Bay 8
TOP OF THE 9TH
Panama City Piranhas batting - Pitching for Thunder Bay Northern Lions BC : LHP Mike Jones
Batting: RHB William Hull 0-0: Called Strike
0-1: Ball
1-1: SINGLE (Groundball, 3D)
Batting: RHB Hal Romaine 0-0: Swinging Strike
0-1: Ball
1-1: Ball
2-1: Foul Ball, location: 2F
2-2: Fly out, F4 (Popup, 4M)
Batting: SHB Marc Talamante 0-0: Ball
1-0: Swinging Strike
1-1: Ball
2-1: Fielders Choice at 2nd, 1-4 (Groundball, 15)
Batting: LHB Miguel Martínez 0-0: Foul Ball, location: 2F
0-1: Called Strike
0-2: Strikes out swinging
Top of the 9th over - 0 run(s), 1 hit(s), 0 error(s), 1 left on base; Panama City 0 - Thunder Bay 8
This league is powered by Out of the Park Baseball, the baseball management simulation game for PC, Mac and Linux
Monday, May 4th, 2015 - OOTP Baseball 15.6 Build 34